 Dungeon Crawl Stone Soup version 0.19.4 (webtiles) character file.

78 Jynx the Conjurer (level 4, -6/24 HPs)
             Began as a Deep Elf Conjurer on Jan 30, 2017.
             Killed by nerve-wracking pain
             ... invoked by Grinder
              (14 damage)
             ... on level 3 of the Dungeon.
             The game lasted 00:03:02 (1804 turns).

Jynx the Conjurer (Deep Elf Conjurer)               Turns: 1804, Time: 00:03:04

Health: -6/24      AC:  5    Str:  5    XL:     4   Next: 15%
Magic:  1/12       EV: 13    Int: 21    God:
Gold:   177        SH:  0    Dex: 15    Spells: 3 memorised, 5 levels left

rFire  . . .     SeeInvis .     (no weapon)
rCold  . . .     Gourm    .     r - +2 robe {Archmagi}
rNeg   . . .     Faith    .     (no shield)
rPois  .         Spirit   .     k - +1 hat
rElec  .         Reflect  .     (no cloak)
rCorr  .         Harm     .     (no gloves)
MR     .....                    (no boots)
Stlth  ++........               (no amulet)
                                (no ring)
                                (no ring)

@: no status effects
A: no striking features
a: no special abilities


You were on level 3 of the Dungeon.
You were near starving.

You visited 1 branch of the dungeon, and saw 3 of its levels.

You collected 177 gold pieces.

Inventory:

Armour
 k - a +1 hat (worn)
 r - a +2 robe of the Archmagi (worn)
Jewellery
 d - an uncursed ring of stealth {unknown}
Wands
 n - a wand of flame (28/48)
Scrolls
 e - a scroll of magic mapping
 h - a scroll of teleportation {unknown}
 m - a scroll of noise
 o - a scroll of amnesia
Potions
 a - a potion of lignification {unknown}
 f - a potion of brilliance
 i - a potion of cancellation
 l - 2 potions of heal wounds
 p - a potion of berserk rage {unknown}
Books
 b - a book of Conjurations

   Spells                             Type                      Level
   a - Magic Dart                     Conjuration                  1
   b - Searing Ray                    Conjuration                  2
   c - Dazzling Spray                 Conjuration/Hexes            3
   d - Fulminant Prism                Conjuration/Hexes            4
   e - Iskenderun's Mystic Blast      Conjuration                  4
   f - Iskenderun's Battlesphere      Conjuration/Charms           5
Comestibles
 c - a bread ration
 g - a meat ration


   Skills:
 - Level 2.4 Dodging
 - Level 2.4 Stealth
 + Level 4.2 Spellcasting
 * Level 5.7 Conjurations


You had 5 spell levels left.
You knew the following spells:

 Your Spells              Type           Power        Failure   Level  Hunger
a - Magic Dart            Conj           ####         1%          1    None
b - Searing Ray           Conj           #####.       1%          2    #......
c - Dazzling Spray        Conj/Hex       ###...       14%         3    ###....


Dungeon Overview and Level Annotations

Branches:
Dungeon (3/15)

Altars:

Annotations:
D:3 Grinder


Message History

Casting: Magic Dart
Confirm with . or Enter, or press ? or * to list all spells.
Aiming: Magic Dart
Press: ? - help, Shift-Dir - straight line, f/p - Grinder
Aim: Grinder (severely wounded, blind)
You feel a surge of power!
The magic dart hits Grinder.
Grinder is almost dead.
Grinder hits you.
You writhe in agony.
Casting: Magic Dart
Confirm with . or Enter, or press ? or * to list all spells.
Aiming: Magic Dart
Press: ? - help, Shift-Dir - straight line, f/p - Grinder
Aim: Grinder (almost dead, blind)
You feel a surge of power!
The magic dart hits Grinder.
Grinder is almost dead.
Grinder is no longer blind.
Grinder gestures at you. Pain shoots through your body!
Ouch! That really hurt!
You die...

###............
†........###### ##
##...#..#####. #.
#.#.......... #. ###
#..#######. # #.##.
#.## ###.##(.. ##.##
........## #...#
#...5@.# #.#.###
....##...####.#...##
. #..(....#..###..#
#.####......###.#####
... ##...#......(...
..# #.######.......
... ### #....... $.
#....... #.......


You could see Grinder.

Vanquished Creatures
  Jessica (D:2)
  An adder (D:2)
  A worm (D:2)
  2 dart slugs
  2 giant cockroaches
  5 goblins
  3 hobgoblins
  6 bats
  5 frilled lizards
  8 kobolds
  5 rats
39 creatures vanquished.

Notes
Turn   | Place    | Note
-------+----------+-------------------------------------------
     0 | D:1      | Jynx the Deep Elf Conjurer began the quest for the Orb.
     0 | D:1      | Reached XP level 1. HP: 10/10 MP: 6/6
   216 | D:1      | Reached XP level 2. HP: 15/15 MP: 4/8
   505 | D:1      | Learned a level 2 spell: Searing Ray
   527 | D:1      | Reached skill level 5 in Conjurations
   948 | D:2      | Reached XP level 3. HP: 19/19 MP: 0/10
  1210 | D:2      | Noticed Jessica
  1212 | D:2      | Killed Jessica
  1278 | D:2      | Learned a level 3 spell: Dazzling Spray
  1556 | D:2      | Reached XP level 4. HP: 24/24 MP: 8/12
  1794 | D:3      | Noticed Grinder
  1804 | D:3      | Killed from afar by Grinder

Skill      XL: |  1  2  3 |
---------------+----------+-----
Conjurations   | 5 |  5.7
Spellcasting   | 4 |  4.2
Dodging        | |  2.4
Stealth        | |  2.4

Action                   |  1- 3 |  4- 6 || total
-------------------------+-------+-------++-------
 Cast: Magic Dart        |    59 |    13 ||    72
       Dazzling Spray    |       |     1 ||     1
  Use: Scroll            |     4 |     6 ||    10
  Eat: Chunk             |     1 |       ||     1
Armor: Robe              |     1 |       ||     1
Dodge: Dodged            |     5 |       ||     5
